 Dungeon Sprint DCSS version 0.27.1-33-g824d729ab1 (webtiles) character file.

Game seed: 10147235455684413731

295 manyhoops the Impaler (level 6, -6/44 HPs)
             Began as a Merfolk Gladiator on Nov 25, 2021.
             Mangled by a yak (15 damage)
             ... in the Dungeon (Sprint I: "Red Sonja").
             The game lasted 00:00:47 (673 turns).

manyhoops the Impaler (Merfolk Gladiator)            Turns: 673, Time: 00:00:47

Health: -6/44      AC:  4    Str: 15    XL:     6   Next: 34%
Magic:  6/6        EV: 14    Int:  7    God:
Gold:   108        SH:  0    Dex: 23    Spells: 5/5 levels left

rFire    . . .     SeeInvis .   a - +0 trident
rCold    . . .     Faith    .   (no shield)
rNeg     . . .     Spirit   .   b - +0 leather armour
rPois    .         Reflect  .   c - +0 helmet
rElec    .         Harm     .   (no cloak)
rCorr    .         Rampage  .   (no gloves)
Will     .....     NoTele   +   (no boots)
Stlth    ++........             (no amulet)
HPRegen  0.14/turn              d - +6 ring of dexterity
MPRegen  0.10/turn              (no ring)

@: no status effects
A: (nimble swimmer 2), mertail
a: no special abilities


You were in the Dungeon.
You visited 1 branch You collected 108 gold pieces.

Inventory:

Hand Weapons
 a - a +0 trident (weapon)
 k - a +0 giant club
Armour
 b - a +0 leather armour (worn)
 c - a +0 helmet (worn)
Jewellery
 d - a +6 ring of dexterity (left hand)
Scrolls
 j - a scroll of blinking
 l - a scroll of enchant armour {unknown}
Potions
 e - a potion of curing
 f - a potion of heal wounds
 g - a potion of haste
 h - 2 potions of magic
 i - a potion of berserk rage


   Skills:
 + Level 2.1 Fighting
 - Level 17.2 Polearms
 - Level 2.0 Throwing
 + Level 4.0 Dodging


You had 5 spell levels left.
You didn't know any spells.
Your spell library was empty.

Dungeon Overview and Level Annotations

Branches:
Dungeon (1/1)

Altars:
Elyvilon
Fedhas
Kikubaaqudgha
Okawaru
Qazlal
Sif Muna
Trog
Vehumet
Wu Jian
Zin
The Shining One

Shops:
D [


Innate Abilities, Weirdness & Mutations

((You are quick and stealthy near water. (Stealth+, EV+, Speed+++)))
Your lower body shifts to a powerful aquatic tail in water.


Message History

The yak is lightly wounded.
The yak barely misses you.
Unknown command.
Press < or > to pray at altars.
You hit the yak.
The yak is lightly wounded.
You closely miss the yak.
The yak is lightly wounded.
The yak barely misses you.
You hit the yak.
The yak is moderately wounded.
You hit the yak.
The yak is moderately wounded.
The yak barely misses you.
You puncture the yak!
The yak is severely wounded.
The yak gores you!
You hit the yak but do no damage.
The yak is severely wounded.
You hit the yak but do no damage.
The yak is severely wounded.
The yak gores you!
* * * LOW HITPOINT WARNING * * *
You puncture the yak!
The yak is almost dead.
You completely miss the yak.
The yak is almost dead.
The yak gores you.
* * * LOW HITPOINT WARNING * * *
You are too injured to fight recklessly!
You hit the yak but do no damage.
The yak is almost dead.
The yak closely misses you.
You are too injured to fight recklessly!
You hit the yak.
The yak is almost dead.
You hit the yak.
The yak is almost dead.
The yak gores you!
You die...

################
#<.#..÷..#.)'..#
#..)..#..'..#..+
#..#####+#####'#
#..# #.#
#..#__## ##.#
#..#_____##+#_.+
#⌠⌠#_.∩...Y..._#
#### #@.#+# ##+#


You could see a yak.

Vanquished Creatures
  Sigmund (D)
  An ogre (D)
  A jelly (D)
  Ijyb (D)
4 creatures vanquished.

Notes
Turn   | Place    | Note
-------+----------+-------------------------------------------
     0 | D        | manyhoops the Merfolk Gladiator began the quest for the
                  | Orb.
     0 | D        | Reached XP level 1. HP: 16/16 MP: 1/1
     1 | D        | Noticed Ijyb
    11 | D        | Killed Ijyb
    12 | D        | Reached skill level 9 in Polearms
    12 | D        | Reached XP level 2. HP: 14/22 MP: 2/2
    12 | D        | Reached XP level 3. HP: 17/27 MP: 3/3
   115 | D        | Noticed an ogre
   129 | D        | Killed an ogre
   130 | D        | Reached skill level 13 in Polearms
   130 | D        | Reached XP level 4. HP: 10/33 MP: 4/4
   338 | D        | Noticed Sigmund
   353 | D        | Killed Sigmund
   354 | D        | Reached skill level 16 in Polearms
   354 | D        | Reached XP level 5. HP: 28/38 MP: 5/5
   354 | D        | Reached XP level 6. HP: 32/44 MP: 6/6
   548 | D        | Found an ornate altar of the Wu Jian Council.
   548 | D        | Found a shimmering blue altar of Sif Muna.
   550 | D        | Found a radiant altar of Vehumet.
   558 | D        | Reached skill level 17 in Polearms
   658 | D        | Found Roujasut's Antique Armour Emporium.
   658 | D        | Found an ancient bone altar of Kikubaaqudgha.
   658 | D        | Found a stormy altar of Qazlal.
   658 | D        | Found a blossoming altar of Fedhas.
   658 | D        | Found a bloodstained altar of Trog.
   658 | D        | Found an iron altar of Okawaru.
   658 | D        | Found a glowing golden altar of the Shining One.
   658 | D        | Found a glowing silver altar of Zin.
   658 | D        | Found a white marble altar of Elyvilon.
   658 | D        | Noticed a yak
   673 | D        | Mangled by a yak

Illustrated notes

Levels and vault maps discovered:
D:        dungeon_sprint_1 [red_sonja_temple_1, red_sonja_temple_small_1]

Skill      XL: |  1  2  3  4  5  6 |
---------------+-------------------+-----
Polearms       | 9 13 16 17 | 17.2
Fighting       | |  2.1
Throwing       | |  2.0
Dodging        | |  4.0

Action                   |  1- 3 |  4- 6 || total
-------------------------+-------+-------++-------
Melee: Trident           |    18 |    35 ||    53
Throw: Throwing net      |     3 |     1 ||     4
 Stab: Held in net/web   |     1 |       ||     1
Armor: Leather armour    |     1 |       ||     1
Dodge: Dodged            |       |     9 ||     9
